AoeStats
← Wiston

Arabia

508357332Analyzed
3v3 RM · 12d ago on Sep 22, 2026· 61m 41s· 6 players
Game mode
Random Map
Map size
Normal (6 player)
Population
200
Speed
Normal
Resources
Standard
Victory
Conquest
Starting age
Dark Age
Ending age
Imperial Age
RankedLock teamsTeams togetherTeam positionsShared explorationLock speedFull tech treeHidden civsTurbo modeCheats
Victory
Defeat
🇨🇱 Vietnamese · Chile
1127
+13
🇨🇱 Wei · Chile
1063
+16
🇦🇷 Burgundians · Argentina
939
+20
🇺🇸 Mapuche · United States
1150
-21
🇺🇸 Mongols · United States
1026
-15
🇲🇽 Ethiopians · Mexico
977
-13
Zeysh
6:30 Loom
9:36 Feudal Age
10:36 Double-Bit Axe
10:34 Horse Collar
14:30 Gold Mining
16:14 Forging
21:01 Castle Age
19:45 Scale Barding Armor
21:04 Stone Mining
22:20 Heavy Plow
22:33 Bow Saw
23:20 Wheelbarrow
27:32 Husbandry
27:32 Fletching
29:27 Bloodlines
31:19 Town Watch
32:34 Tuntian
35:58 Chain Barding Armor
36:14 Iron Casting
37:20 Ballistics
38:04 Padded Archer Armor
41:43 Imperial Age
39:35 Hand Cart
43:25 Blast Furnace
42:21 Bodkin Arrow
43:12 Conscription
43:25 Town Patrol
43:10 Heavy Hei Guang Cavalry
45:51 Gold Shaft Mining
45:15 Elite Tiger Cavalry
46:32 Bracer
46:49 Leather Archer Armor
46:14 Elite Skirmisher
49:33 Stone Shaft Mining
48:53 Imperial Skirmisher
52:48 Chemistry
51:44 Murder Holes
54:20 Ming Guang Armor
58:51 Thumb Ring
60:45 Ring Archer Armor
60:17 Scale Mail Armor
60:55 Hoardings
60:05 Treadmill Crane
MrTulio007
6:30 Loom
9:17 Feudal Age
10:34 Double-Bit Axe
10:32 Horse Collar
15:22 Fletching
17:27 Gold Mining
20:09 Padded Archer Armor
20:10 Scale Mail Armor
22:41 Wheelbarrow
26:03 Castle Age
25:07 Forging
26:07 Crossbowman
26:45 Bodkin Arrow
31:56 Leather Archer Armor
31:35 Stone Mining
32:34 Bow Saw
31:52 Pikeman
32:32 Squires
33:10 Ballistics
34:34 Thumb Ring
38:07 Chain Mail Armor
43:05 Imperial Age
40:03 Elite Skirmisher
41:44 Heavy Plow
43:12 Elite Rattan Archer
44:15 Paper Money
44:01 Bracer
44:47 Hand Cart
45:54 Chemistry
44:27 Imperial Skirmisher
46:43 Ring Archer Armor
46:35 Town Watch
46:59 Arbalester
50:03 Town Patrol
53:16 Plate Mail Armor
53:21 Iron Casting
57:33 Hoardings
60:16 Halberdier
Wiston
7:15 Double-Bit Axe
12:31 Feudal Age
15:55 Loom
18:16 Wheelbarrow
18:06 Horse Collar
20:09 Forging
19:59 Town Watch
25:28 Scale Mail Armor
29:18 Castle Age
28:13 Heavy Plow
30:15 Scale Barding Armor
31:06 Squires
31:13 Husbandry
33:49 Gold Mining
33:46 Pikeman
36:17 Iron Casting
37:00 Cavalier
38:34 Bow Saw
40:32 Elite Skirmisher
46:59 Ballistics
46:20 Treadmill Crane
53:06 Burgundian Vineyards
55:11 Crop Rotation
54:58 Arson
58:36 Imperial Age
59:10 Hand Cart
58:47 Halberdier
59:54 Conscription
61:08 Chemistry
KING SHADOW
6:57 Loom
10:17 Feudal Age
10:53 Double-Bit Axe
18:39 Castle Age
17:17 Fletching
17:40 Padded Archer Armor
17:51 Gold Mining
19:26 Bodkin Arrow
21:03 Bow Saw
31:10 Wheelbarrow
30:59 Stone Mining
30:49 Horse Collar
31:54 Ballistics
35:23 Imperial Age
34:47 Leather Archer Armor
38:03 Ring Archer Armor
37:29 Elite Bolas Rider
38:28 Forging
42:08 Masonry
43:43 Iron Casting
50:27 Gold Shaft Mining
52:46 Butalmapu
53:14 Malon
54:22 Elite Kona
MOROCHO
6:42 Loom
8:39 Loom
10:52 Feudal Age
11:30 Double-Bit Axe
16:31 Fletching
17:00 Town Watch
22:30 Wheelbarrow
26:40 Castle Age
26:23 Gold Mining
27:53 Bodkin Arrow
27:25 Crossbowman
34:07 Padded Archer Armor
34:05 Elite Skirmisher
36:21 Bow Saw
35:54 Horse Collar
39:19 Leather Archer Armor
39:41 Thumb Ring
41:26 Hand Cart
42:03 Ballistics
49:53 Scale Barding Armor
49:58 Forging
50:35 Husbandry
50:00 Light Cavalry
54:38 Chain Barding Armor
Punisher85
9:19 Feudal Age
10:40 Double-Bit Axe
11:45 Bloodlines
15:06 Scale Barding Armor
20:31 Forging
22:43 Man-at-Arms
26:49 Castle Age
33:47 Loom
36:02 Padded Archer Armor
39:01 Gold Mining
43:20 Leather Archer Armor
43:56 Fletching
46:56 Wheelbarrow
46:52 Stone Mining
50:02 Bow Saw
50:21 Hand Cart
57:49 Imperial Age
57:53 Onager
59:02 Drill
59:55 Chemistry
59:43 Siege Onager
Connection lost

Rejoining the realm…

Still unreachable

The connection could not be restored.

Session expired

The server has moved on; the page needs a fresh start.